 Dungeon Crawl Stone Soup version 0.31-a0-1598-g94871bc2e8 (webtiles) character file.

Game seed: 10481209744445437738

12 Flugslaktarn the Apothecary (level 2, 0/17 HPs)
             Began as an Octopode Alchemist on Jan 7, 2024.
             Succumbed to an adder's poison
             ... on level 2 of the Dungeon.
             The game lasted 00:00:27 (85 turns).

Flugslaktarn the Apothecary (Octopode Alchemist)      Turns: 85, Time: 00:00:27

Health: 0/17       AC:  1    Str:  7    XL:     2   Next: 33%
Magic:  5/5        EV: 13    Int: 17    God:
Gold:   14         SH:  0    Dex: 12    Spells: 4/5 levels left

rFire   . . .        (no weapon)
rCold   . . .        (no shield)
rNeg    . . .        (helmet restricted)
rPois   .            (no amulet)
rElec   .            (no ring)
rCorr   .            (no ring)
SInv    .            (no ring)
Will    .....        (no ring)
Stlth   +++          (no ring)
HPRegen 0.22/turn    (no ring)
MPRegen 0.09/turn    (no ring)
                     (no ring)

%: no passive effects
@: lethally poisoned (0 -> -1)
A: almost no armour, amphibious, 8 rings, camouflage 1, gelatinous body 1,
(nimble swimmer 1), tentacles
a: no special abilities


You were on level 2 of the Dungeon.
You visited 1 branch of the dungeon, and saw 2 of its levels.

You collected 14 gold pieces.

Inventory:

Missiles
 b - 3 boomerangs
Jewellery
 a - a +6 ring of dexterity
   (You found it on level 2 of the Dungeon)
Scrolls
 c - a scroll of enchant weapon {unknown}


   Skills:
 - Level 2.0 Dodging
 - Level 2.6 Stealth
 + Level 2.2 Spellcasting
 - Level 1.0 Conjurations
 * Level 3.8 Alchemy


You had 4 spell levels left.
You knew the following spells:

 Your Spells              Type           Power      Damage    Failure   Level
a - Sting                 Conj/Alch      40%        1d5       7%          1

Your spell library contained the following spells:

 Spells                   Type           Power      Damage    Failure   Level
 Mercury Vapours          Alch/Air       16%        N/A       13%         2
 Mephitic Cloud           Conj/Alch/Air  7%         N/A       28%         3
 Olgreb's Toxic Radiance  Alch           15%        N/A       36%         4
 Sticky Flame             Fire/Alch      8%         2d4       63%         4


Dungeon Overview and Level Annotations

Branches:
Dungeon (2/15)

Altars:


Innate Abilities, Weirdness & Mutations

You cannot wear most types of armour.
You are amphibious.
You can wear up to eight rings at the same time.
Your skin changes colour to match your surroundings (Stealth+).
Your rubbery body absorbs attacks. (AC +1, EV +1)
((You are camouflaged when in or above water. (Stealth+)))
You have tentacles for arms and can constrict up to eight enemies at once.


Message History

Aiming: Sting (safe; 9% risk of failure)
Press: ? - help, Shift-Dir - straight line, f - giant cockroach
Aim: a giant cockroach (asleep, 100% to hit)
The sting hits the giant cockroach but does no damage.
The giant cockroach is poisoned.
You kill the giant cockroach!
Found 3 boomerangs.
An endoplasm comes into view.
Found a scroll labelled XELOTE PYNURE.
Casting: Sting (safe; 8% risk of failure)
Confirm with . or Enter, or press ? or * to list all spells.
You can't see any susceptible monsters within range! (Use Z to cast anyway.)
Casting: Sting (safe; 8% risk of failure)
Confirm with . or Enter, or press ? or * to list all spells.
Aiming: Sting (safe; 8% risk of failure)
Press: ? - help, Shift-Dir - straight line, f - endoplasm
Aim: an endoplasm (asleep, 100% to hit)
The sting hits the endoplasm.
The endoplasm partially resists.
The endoplasm is poisoned.
The endoplasm is lightly wounded.
Casting: Sting (safe; 8% risk of failure)
Confirm with . or Enter, or press ? or * to list all spells.
Aiming: Sting (safe; 8% risk of failure)
Press: ? - help, Shift-Dir - straight line, f/p - endoplasm
Aim: an endoplasm (lightly wounded, poisoned, 97% to hit)
The sting hits the endoplasm.
The endoplasm partially resists.
The endoplasm looks even sicker.
The endoplasm is moderately wounded.
You see here 3 boomerangs.
b - 3 boomerangs You tentacle-slap the endoplasm but do no damage.
You squeeze the endoplasm.
You kill the endoplasm!
Unknown command.
c - a scroll labelled XELOTE PYNURE
Found a ring mail.
There is a stone staircase leading up here.
Unknown command.
Casting: Sting (safe; 8% risk of failure)
Confirm with . or Enter, or press ? or * to list all spells.
You can't see any susceptible monsters within range! (Use Z to cast anyway.)
Casting: Sting (safe; 8% risk of failure)
Confirm with . or Enter, or press ? or * to list all spells.
Aiming: Sting (safe; 8% risk of failure)
Press: ? - help, Shift-Dir - straight line, f - adder
Aim: an adder (asleep, 100% to hit)
You miscast Sting.
You are very lightly contaminated with residual magic.
Nothing appears to happen.
The adder hisses angrily.
Casting: Sting (safe; 8% risk of failure)
Confirm with . or Enter, or press ? or * to list all spells.
Aiming: Sting (safe; 8% risk of failure)
Press: ? - help, Shift-Dir - straight line, f/p - adder
Aim: an adder (48% to hit)
The sting hits the adder.
The adder is poisoned.
The adder is lightly wounded.
Press: ? - help, v - describe, . - travel
Here: an adder (lightly wounded, poisoned)
The floor.
Unknown command.
Unknown command.
Magic courses through your body. The adder bites you.
You are poisoned.
The adder poisons you!
Casting: Sting (safe; 8% risk of failure)
Confirm with . or Enter, or press ? or * to list all spells.
Aiming: Sting (safe; 8% risk of failure)
Press: ? - help, Shift-Dir - straight line, f/p - adder
Aim: an adder (lightly wounded, poisoned, 48% to hit)
The sting hits the adder.
The adder looks even sicker.
The adder is heavily wounded.
You feel sick. The adder barely misses you. The adder bites you.
You are lethally poisoned!
The adder poisons you!
You tentacle-slap the adder. You grab the adder.
The adder is heavily wounded.
You constrict the adder.
* * * LOW HITPOINT WARNING * * *
You feel sick. The adder closely misses you.
You tentacle-slap the adder.
You kill the adder!
* * * LOW HITPOINT WARNING * * *
You feel sick.
You have reached level 2!
You aren't carrying any potions.
Unknown command.
* * * LOW HITPOINT WARNING * * *
You feel sick.
You see here an adder corpse.
* * * LOW HITPOINT WARNING * * *
You feel sick.
Your magical contamination has completely faded away.
* * * LOW HITPOINT WARNING * * *
You feel sick.
* * * LOW HITPOINT WARNING * * *
You feel sick.
You see here a +6 ring of dexterity.
a - a +6 ring of dexterity You die...

#.#.# ...# ..#.#
#...# #.#.# #...
#.#.# #..### #.#..
..... #.#.# #..# #
#.#.# ######..#
#.##.#.####<.†....#
#...........####@##
###....#########.#
#.###...........#
... #.###########
##. #.# # .## .# ##


There were no monsters in sight!

Vanquished Creatures
  An adder (D:2)
  An endoplasm (D:2)
  A giant cockroach (D:2)
3 creatures vanquished.

Notes
Turn   | Place    | Note
-------+----------+-------------------------------------------
     0 | D:1      | Flugslaktarn the Octopode Alchemist began the quest for the
                  | Orb.
     0 | D:1      | Reached XP level 1. HP: 11/11 MP: 3/3
    81 | D:2      | Reached XP level 2. HP: 4/17 MP: 5/5
    85 | D:2      | Succumbed to an adder's poison

Illustrated notes

Levels and vault maps discovered:
D:1:      wander_arrival_peaceful_grave, layout_basic, basic_ecumenical_altar
D:2:      layout_loops_ring

Action                     || total
---------------------------++-------
  Melee: Unarmed           ||     3
         Constrict         ||     1
         Tentacles         ||     1
   Cast: Sting             ||     5
    Use: Potion            ||     1
 Armour: Skin              ||     2
  Dodge: Dodged            ||     2

Table legend: (Time is in decaauts)
 A = Elapsed time spent in this place.
 B = Non-inter-level travel time spent in this place.
 C = Inter-level travel time spent in this place.
 D = Time resting spent in this place.
 E = Time spent auto-exploring this place.
 F = Levels seen in this place.
 G = Mean time per level.
                   A        B        C        D        E       F      G
               +--------+--------+--------+--------+--------+-----+--------+
         Total |     84 |     84 |      0 |      0 |     27 |   2 |   42.0 |
       Dungeon |     84 |     84 |      0 |      0 |     27 |   2 |   42.0 |
               +--------+--------+--------+--------+--------+-----+--------+

Top non-repeatable levels by time:
     D:2: 43 daAuts
     D:1: 41 daAuts
